 Dungeon Crawl Stone Soup version 0.31-a0-960-g0fca184906 (webtiles) character file.

Game seed: 16638201898803582288

18533 BinkBink the Protected (level 12, -2/110 HPs)
             Began as a Minotaur Fighter on Oct 23, 2023.
             Was a High Priest of Ru.
             Slain by an ettin
             ... wielding a +0 dire flail
              (24 damage)
             ... on level 1 of the Orcish Mines.
             The game lasted 00:26:52 (14414 turns).

BinkBink the Protected (Minotaur Fighter)          Turns: 14414, Time: 00:26:52

Health: -2/110     AC: 21    Str: 35    XL:     12   Next: 28%
Magic:  9/9        EV: 10    Int:  7    God:    Ru [*****.]
Gold:   967        SH:  5    Dex: 10    Spells: 11/11 levels left

rFire   . . .        j - +8 battleaxe of Saltpetre {holy, Str+3 Int+2}
rCold   . . .        (shield currently unavailable)
rNeg    . . .        C - +0 plate armour
rPois   .            P - +0 hat
rElec   .            O - +2 cloak
rCorr   .            e - +0 pair of gloves
SInv    .            y - +0 pair of boots
Will    .....        D - amulet of reflection Stlth
                     i - ring of flight
HPRegen 0.38/turn    u - +6 ring of strength
MPRegen 0.11/turn

%: reflection
@: flying
A: horns 2, low MP 1, no stealth, inability to use devices, no conjurations
magic, no fire magic, no hexes magic, unskilled 1, retaliatory headbutt
a: Renounce Religion, Draw Out Power, Power Leap, Apocalypse


You were on level 1 of the Orcish Mines.
You worshipped Ru.
Ru was extremely pleased with you.
You visited 3 branches of the dungeon, and saw 14 of its levels.
You also visited: Ice Cave.

You collected 1027 gold pieces.
You spent 60 gold pieces at shops.

Inventory:

Hand Weapons
 j - the +8 battleaxe of Saltpetre (weapon) {holy, Str+3 Int+2}
   (You acquired it on level 7 of the Dungeon)

   Str+3:     It affects your strength (+3).
   Int+2:     It affects your intelligence (+2).
 q - the +1 hammer "Ultimatum" {protect, rC+ SInv}
   (You found it on level 3 of the Dungeon)

   rC+:       It protects you from cold.
   SInv:      It lets you see invisible.
 J - a +4 great sword of freezing
Missiles
 a - a throwing net
Armour
 e - a +0 pair of gloves (worn)
 y - a +0 pair of boots (worn)
 C - a +0 plate armour (worn)
 H - +1 steam dragon scales
 M - a +1 kite shield of cold resistance
 O - a +2 cloak (worn)
 P - a +0 hat (worn)
 R - a +0 tower shield of cold resistance
Jewellery
 c - a ring of resist corrosion
 i - a ring of flight (left hand)
 u - a +6 ring of strength (right hand)
 D - an amulet of reflection (around neck)
 Q - a ring of protection from cold
Wands
 t - a wand of digging (6)
 G - a wand of polymorph (8)
 N - a wand of quicksilver (13)
Scrolls
 l - 3 scrolls of vulnerability
 m - a scroll of brand weapon
 o - 4 scrolls of noise
 v - a scroll of revelation
 x - 2 scrolls of fog
 z - a scroll of immolation
 B - 3 scrolls of teleportation
 E - a scroll of amnesia {unknown}
 F - a scroll of silence {unknown}
 K - a scroll of poison {unknown}
 L - a scroll of fear {unknown}
Potions
 b - a potion of haste {unknown}
 d - 2 potions of might
 f - 2 potions of heal wounds
 g - a potion of ambrosia
 h - 4 potions of resistance
 k - 3 potions of curing
 p - 2 potions of brilliance {unknown}
 r - 3 potions of magic
 s - a potion of invisibility {unknown}
 w - a potion of mutation {unknown}
 A - 2 potions of attraction
 I - 3 potions of degeneration


   Skills:
 + Level 11.1 Fighting
 * Level 10.9(11.8) Axes
 - Level 7.3(10.1) Maces & Flails
 + Level 11.1 Armour
 + Level 6.5 Dodging
 - Level 8.6 Shields


You had 11 spell levels left.
You didn't know any spells.
Your spell library contained the following spells:

 Spells                   Type           Power      Damage    Failure   Level
 Passwall                 Tmut/Erth      0%         N/A       98%         2
 Swiftness                Air            0%         N/A       100%        3
 Haunt                    Necr/Summ      0%         N/A       100%        7
 Borgnjor's Revivificati  Necr           0%         N/A       100%        8
 Maxwell's Capacitive Co  Air            0%         ∞         100%        8
 Death's Door             Necr           0%         N/A       100%        9
 Ensorcelled Hibernation  Hex/Ice        Unusable   N/A       N/A         2
 Dazzling Flash           Conj/Hex       Unusable   N/A       N/A         3
 Volatile Blastmotes      Fire/Tloc      Unusable   2d10      N/A         3
 Starburst                Conj/Fire      Unusable   6d3       N/A         6

Dungeon Overview and Level Annotations

Branches:
Dungeon (11/15)            Temple (0/1) D:7            Lair (1/5) D:10
    Orc (2/2) D:9           IceCv (visited)
    Elf: Orc:2

Altars:
Cheibriados
Dithmenos
Gozag
Kikubaaqudgha
Makhleb
Okawaru
Ru
Trog
Vehumet
Xom
Zin
The Shining One

Shops:
D:5 (:   D:7 =   D:8 (   Orc:2 *?

Annotations:
Lair:1 Fannar


Innate Abilities, Weirdness & Mutations

You have a pair of horns on your head.
Your magical capacity is low. (-10% MP)
You cannot be stealthy.
You cannot study or use magical devices.
You cannot study or cast Conjurations magic.
You cannot study or cast Fire magic.
You cannot study or cast Hexes magic.
You are somewhat unskilled. (-1 Apt)
You reflexively headbutt those who attack you in melee.


Message History

You closely miss the orc warrior.
The orc warrior is heavily wounded.
You block the orc warrior's attack.
You slash the orc warrior! You headbutt the orc warrior.
You kill the orc warrior!
No target in view!
No target in view!
You start resting.
HP restored.
You fly downwards.
Welcome back to the Orcish Mines!
The troll bites you but does no damage. The troll closely misses you. x2
The ettin hits you with a +0 dire flail!!
The ettin hits you with a +0 dire flail!
The troll completely misses you. You furiously retaliate!
You headbutt the troll! The troll closely misses you.
The troll claws you but does no damage. The ettin hits you but does no damage.
The ettin hits you with a +0 dire flail!!
There is a staircase back to the Dungeon, spattered with blood here.
You see here a +0 giant club.
Okay, then.
You feel much better. You block the troll's attack. x2
The troll claws you but does no damage.
The ettin hits you with a +0 dire flail!!
The ettin hits you with a +0 dire flail!
You hit the ettin.
The ettin is lightly wounded.
You slash the troll! The troll barely misses you. You furiously retaliate!
You headbutt the troll!
The troll claws you but does no damage. x2
The ettin closely misses you.
The ettin hits you with a +0 dire flail.
* * * LOW HITPOINT WARNING * * *
You slice the ettin!!
The ettin is heavily wounded.
You slash the troll!
You kill the troll!
The troll leather armour is intact enough to wear.
The ettin hits you with a +0 dire flail!
* * * LOW HITPOINT WARNING * * *
The ettin hits you with a +0 dire flail!!
You die...

# #### # ###### #..###
# #....#####....#####
#......#.......#.#.
###)@C.......#...##))
###...[##.[...###..#..#
#.....####....####...##
###....#.......#...#...
#.#).#o.###..#..##...
####Coo###.......###.
###.T#####.#...## ##
##......#####.### #
#........####.#


You could see an ettin.

Vanquished Creatures
  4 two-headed ogres
  Pikel (D:7)
  A necromancer (IceCv)
  An orc knight (Orc:1)
  An orc sorcerer (Orc:1)
  An ice statue (IceCv)
  2 freezing wraiths (IceCv)
  12 ice devils (IceCv)
  An anaconda simulacrum (IceCv)
  3 trolls
  A hornet (D:7)
  Sigmund (D:6)
  Eustachio (D:5)
  5 dire elephant simulacra (IceCv)
  A wraith (D:6)
  5 yaks (D:9)
  2 wyverns
  A steam dragon (D:7)
  A warg (Orc:2)
  5 death yak simulacra (IceCv)
  Menkaure (D:5)
  2 harpy simulacra (IceCv)
  A hydra simulacrum (IceCv)
  A water moccasin (Lair:1)
  3 ice beasts
  10 orc warriors
  A black bear (D:4)
  4 ogres
  3 centaurs
  3 lemures (D:7)
  A phantom (D:5)
  4 bullfrogs
  A gnoll sergeant (D:10)
  9 scorpions
  2 two-headed ogre simulacra (IceCv)
  3 cane toad simulacra (IceCv)
  8 wights
  16 killer bees
  4 elephant simulacra (IceCv)
  A howler monkey (D:9)
  3 electric eels (D:8)
  2 hounds
  A jelly (D:8)
  10 orc priests
  A gnoll bouda (D:9)
  Crazy Yiuf (D:3)
  3 sleepcaps
  13 orc wizards
  Natasha (thrice) (D:3)
  3 iguanas
  5 polar bear simulacra (IceCv)
  A spriggan simulacrum (IceCv)
  3 wolf simulacra (IceCv)
  A troll simulacrum (IceCv)
  7 gnolls
  6 adders
  5 white imps
  4 ufetubi (D:7)
  3 worms
  3 dart slugs
  55 orcs
  8 ball pythons
  11 endoplasms
  6 giant cockroaches
  6 hobgoblins
  3 jackals (D:4)
  4 quokkas
  6 bats
  2 frilled lizards (D:1)
  9 goblins
  5 kobolds
  10 rats
  A butterfly (D:7)
332 creatures vanquished.

Vanquished Creatures (others)
  A black mamba (Lair:1)
  A water moccasin (Lair:1)
  A gnoll (D:9)
  3 orcs
6 creatures vanquished.

Grand Total: 338 creatures vanquished

Notes
Turn   | Place    | Note
-------+----------+-------------------------------------------
     0 | D:1      | BinkBink the Minotaur Fighter began the quest for the Orb.
     0 | D:1      | Reached XP level 1. HP: 19/19 MP: 0/0
   169 | D:1      | Reached XP level 2. HP: 21/27 MP: 1/1
   660 | D:1      | Reached XP level 3. HP: 33/33 MP: 2/2
  1382 | D:2      | Reached XP level 4. HP: 40/40 MP: 3/3
  2009 | D:3      | Found a faded altar of an unknown god.
  2057 | D:3      | Noticed Natasha
  2066 | D:3      | Killed Natasha
  2092 | D:3      | Prayed at the altar of an unknown god.
  2092 | D:3      | Became a worshipper of Ru the Awakened
  2114 | D:3      | Gained mutation: You are somewhat unskilled. (-1 Apt) [Ru
                  | sacrifice]
  2114 | D:3      | Reached * piety under Ru
  2193 | D:3      | Noticed Natasha
  2199 | D:3      | Killed Natasha
  2200 | D:3      | Reached XP level 5. HP: 46/46 MP: 4/4
  2339 | D:3      | Identified the +1 hammer "Ultimatum" {protect, rC+ SInv}
  2344 | D:3      | Found a runed translucent door.
  2345 | D:3      | Noticed Crazy Yiuf
  2486 | D:3      | Found a shimmering altar of Xom.
  2487 | D:3      | Found a glowing golden altar of the Shining One.
  2489 | D:3      | Found a sacrificial altar of Ru.
  2493 | D:3      | Found a glowing silver altar of Zin.
  2493 | D:3      | Found an ancient bone altar of Kikubaaqudgha.
  2494 | D:3      | Found an iron altar of Okawaru.
  2496 | D:3      | Found a shadowy altar of Dithmenos.
  2497 | D:3      | Found a radiant altar of Vehumet.
  2869 | D:3      | Noticed Natasha
  2874 | D:3      | Killed Natasha
  3164 | D:4      | Noticed a black bear
  3177 | D:4      | Killed a black bear
  3178 | D:4      | Reached skill level 1 in Maces & Flails
  3178 | D:4      | Reached XP level 6. HP: 40/53 MP: 5/5
  3917 | D:4      | Reached skill level 5 in Armour
  3917 | D:4      | Reached skill level 5 in Shields
  4131 | D:5      | Entered Level 5 of the Dungeon
  4169 | D:5      | Gained mutation: You cannot study or cast Fire magic. [Ru
                  | sacrifice]
  4169 | D:5      | Gained mutation: You cannot study or cast Hexes magic. [Ru
                  | sacrifice]
  4169 | D:5      | Gained mutation: You cannot study or cast Conjurations
                  | magic. [Ru sacrifice]
  4169 | D:5      | Reached ** piety under Ru
  4321 | D:5      | Reached skill level 5 in Fighting
  4321 | D:5      | Reached XP level 7. HP: 61/61 MP: 6/6
  4381 | D:5      | Noticed Menkaure
  4391 | D:5      | Killed Menkaure
  4410 | D:5      | Found Itwent's Self-Published Books.
  4426 | D:5      | Found Ihummuguto's Weapon Boutique.
  4655 | D:5      | Noticed Eustachio
  4694 | D:5      | Killed Eustachio
  5261 | D:6      | Noticed a wraith
  5276 | D:6      | Killed a wraith
  5277 | D:6      | Reached XP level 8. HP: 69/70 MP: 7/7
  5288 | D:6      | Found a transporter.
  5360 | D:6      | Found a bloodstained altar of Trog.
  5603 | D:6      | Noticed Sigmund
  5650 | D:6      | Found a transporter.
  6013 | D:7      | Noticed Pikel
  6024 | D:7      | Killed Pikel
  6025 | D:7      | Reached skill level 5 in Maces & Flails
  6186 | D:7      | Found a burning altar of Makhleb.
  6306 | D:7      | Found an opulent altar of Gozag.
  6362 | D:7      | Found a staircase to the Ecumenical Temple.
  6543 | D:7      | Reached XP level 9. HP: 62/79 MP: 8/8
  6714 | D:7      | Found Soeqyla's One-of-a-Kind Rings.
  6849 | D:7      | Found a runed translucent door.
  6851 | D:7      | Found a runed translucent door.
  6870 | D:7      | Gained mutation: You cannot be stealthy. [Ru sacrifice]
  6870 | D:7      | Reached *** piety under Ru
  7197 | D:7      | Paralysed by a hornet for 1 turns
  7667 | D:8      | Found Lidan's Weapon Boutique.
  8504 | D:9      | Noticed a two-headed ogre
  8740 | D:3      | Killed Crazy Yiuf
  8921 | D:6      | Killed Sigmund
  8922 | D:6      | Reached XP level 10. HP: 90/90 MP: 9/9
  9175 | D:7      | Identified a scroll of acquirement
  9175 | D:7      | Acquired the +8 battleaxe of Saltpetre {holy, Str+3 Int+2}
  9205 | D:7      | Reached skill level 1 in Dodging
  9271 | D:9      | Noticed a two-headed ogre
  9286 | D:9      | Killed a two-headed ogre
  9287 | D:9      | Reached skill level 5 in Axes
  9387 | D:9      | Killed a two-headed ogre
  9678 | D:9      | Found a snail-covered altar of Cheibriados.
  9724 | D:9      | Found a staircase to the Orcish Mines.
  9751 | D:9      | Gained mutation: You cannot study or use magical devices.
                  | [Ru sacrifice]
  9751 | D:9      | Reached **** piety under Ru
  9751 | D:9      | Reached ***** piety under Ru
  9910 | D:10     | Entered Level 10 of the Dungeon
  9982 | D:10     | Noticed a two-headed ogre
  9990 | D:10     | Killed a two-headed ogre
  9991 | D:10     | Reached XP level 11. HP: 92/97 MP: 10/10
 10505 | D:10     | Found a staircase to the Lair.
 10612 | D:10     | Noticed a two-headed ogre
 10616 | D:10     | Killed a two-headed ogre
 10816 | D:11     | Noticed a two-headed ogre
 10864 | Lair:1   | Entered Level 1 of the Lair of Beasts
 10989 | Lair:1   | Found a frozen archway.
 10998 | IceCv    | Entered an ice cave
 11006 | IceCv    | Reached skill level 10 in Fighting
 11006 | IceCv    | Reached skill level 10 in Armour
 11260 | IceCv    | Found an ancient bone altar of Kikubaaqudgha.
 11447 | IceCv    | Reached skill level 5 in Dodging
 12880 | IceCv    | Reached skill level 10 in Axes
 12884 | IceCv    | Gained mutation: Your magical capacity is low. (-10% MP)
                  | [Ru sacrifice]
 12885 | IceCv    | Noticed a necromancer
 13136 | IceCv    | Reached XP level 12. HP: 101/103 MP: 9/9
 13397 | Lair:1   | Noticed Fannar
 13507 | Orc:1    | Entered Level 1 of the Orcish Mines
 13648 | Orc:2    | Entered Level 2 of the Orcish Mines
 13648 | Orc:2    | Found Udeterph's Magic Scroll Shoppe.
 13653 | Orc:2    | Bought a scroll of butterflies for 60 gold pieces
 13658 | Orc:2    | Found Zarghiuh's General Store.
 13941 | Orc:2    | Noticed an ettin
 13952 | Orc:2    | Noticed an orc high priest
 14414 | Orc:1    | Slain by an ettin

Illustrated notes

Levels and vault maps discovered:
D:1:      dpeg_arrival_tiny_a, layout_basic
D:2:      layout_basic, minivault_26
D:3:      layout_loops_corners, minitemple, nicolae_ecumenical_lake_church,
          uniq_crazy_yiuf_cottage, uniq_natasha
D:4:      layout_loops_corners, minivault_4
D:5:      layout_cave_pods, serial_shops, nicolae_shop_tiny_glass, minivault_26,
          nicolae_custom_books, uniq_menkaure, uniq_eustachio
D:6:      gammafunk_cloud_chamber, layout_basic, general_overflow_altar,
          uniq_sigmund
D:7:      lemuel_insect_pit, layout_loops_ring, mainiacjoe_overflow_two_lobes,
          minmay_temple_entry_tees, nicolae_shop_unique_rings,
          supply_closet_lemuel, uniq_pikel
D:8:      layout_cave_pools, serial_shops, nicolae_shop_tiny_glass, serial_park,
          serial_park_tiny_2, serial_park_square3 [serial_park_minivault_5x5_7],
          serial_park_tiny_1, serial_park_fountain, nicolae_letterblocks
          [nicolae_letter_subblock, nicolae_letter_subblock,
          nicolae_letter_subblock, nicolae_letter_subblock,
          nicolae_letter_subblock, nicolae_letter_subblock,
          nicolae_letter_subblock, nicolae_letter_subblock,
          nicolae_letter_subblock, nicolae_letter_subblock,
          nicolae_letter_subblock, nicolae_letter_subblock,
          nicolae_letter_subblock, nicolae_letter_subblock,
          nicolae_letter_subblock, nicolae_letter_subblock,
          nicolae_letter_subblock, nicolae_letter_subblock,
          nicolae_letter_subblock, nicolae_letter_subblock,
          nicolae_letter_subblock, nicolae_letter_subblock,
          nicolae_letter_subblock, nicolae_letter_subblock,
          nicolae_letter_subblock]
D:9:      layout_basic, mainiacjoe_overflow_paths, david_orc_2
D:10:     layout_long_grid, lair_entry_dummy
D:11:     layout_stronghold, serial_column_ruins, column_ruins_hut_ruined,
          column_ruins_hut, column_ruins_open_medium,
          column_ruins_corridor_dead_end, column_ruins_grid_4,
          hangedman_decor_push, uniq_erica
Lair:1:   layout_regular_city, portal_ice_cave_entry_pillars_1, uniq_gastronok,
          uniq_fannar, uniq_harold
Orc:1:    layout_diamond_mine, nicolae_shop_overcharged_wands, uniq_nergalle
Orc:2:    grunt_orc_tribal_feast, layout_diamond_mine, serial_shops, shop,
          nicolae_shop_bloodbath_and_beyond, shop, shop

Skill      XL: |  1  2  3  4  5  6  7  8  9 10 11 12 |
---------------+-------------------------------------+-----
Axes           | 3 4 7 10 | 10.9
Armour         | 4 5 6 7 8 9 10 11 | 11.1
Shields        | 4 5 6 7 8 |  8.6
Fighting       | 4 5 6 7 8 9 10 11 | 11.1
Maces & Flails | 1 2 4 5 7 |  7.3
Dodging        | 3 5 6 |  6.5

Action                     |  1- 3 |  4- 6 |  7- 9 | 10-12 || total
---------------------------+-------+-------+-------+-------++-------
  Melee: War axe           |    94 |    44 |       |       ||   138
         Headbutt          |     8 |    25 |    48 |    60 ||   141
         Mace              |       |   104 |   333 |    11 ||   448
         Battleaxe         |       |       |       |   282 ||   282
 Invoke: Sacrifice Skill   |       |     1 |       |       ||     1
         Sacrifice Arcana  |       |     1 |       |       ||     1
         Sacrifice Stealth |       |       |     1 |       ||     1
         Sacrifice Artific |       |       |       |     1 ||     1
         Sacrifice Essence |       |       |       |     1 ||     1
    Use: Scroll            |       |       |     1 |    18 ||    19
         Potion            |       |       |     1 |     1 ||     2
   Stab: Invisible         |       |       |     2 |     2 ||     4
         Distracted        |       |       |     1 |     3 ||     4
         Paralysed         |       |       |       |     1 ||     1
 Armour: Scale mail        |    56 |   113 |   257 |       ||   426
         Steam dragon scal |       |       |       |   201 ||   201
         Plate armour      |       |       |       |    33 ||    33
  Dodge: Dodged            |    45 |    65 |   147 |   190 ||   447
  Block: Buckler           |    23 |    27 |   157 |     3 ||   210
         Reflection        |       |       |     2 |     2 ||     4
         Other             |       |       |       |    60 ||    60

Table legend: (Time is in decaauts)
 A = Elapsed time spent in this place.
 B = Non-inter-level travel time spent in this place.
 C = Inter-level travel time spent in this place.
 D = Time resting spent in this place.
 E = Time spent auto-exploring this place.
 F = Levels seen in this place.
 G = Mean time per level.
                   A        B        C        D        E       F      G
               +--------+--------+--------+--------+--------+-----+--------+
         Total |  14619 |  13833 |    786 |   2320 |   8779 |  15 |  974.6 |
       Dungeon |  11289 |  10526 |    763 |    972 |   7755 |  11 | 1026.3 |
          Lair |    189 |    189 |      0 |      0 |    113 |   1 |  189.0 |
  Orcish Mines |    722 |    699 |     23 |     57 |    467 |   2 |  361.0 |
      Ice Cave |   2417 |   2417 |      0 |   1291 |    444 |   1 | 2417.0 |
               +--------+--------+--------+--------+--------+-----+--------+

Top non-repeatable levels by time:
   IceCv: 2417 daAuts
     D:7: 1572 daAuts
     D:3: 1380 daAuts
     D:5: 1196 daAuts
     D:4: 1171 daAuts
     D:9: 1165 daAuts
     D:1: 1033 daAuts
    D:10: 981 daAuts
     D:6: 943 daAuts
     D:8: 926 daAuts
     D:2: 917 daAuts
   Orc:1: 403 daAuts
   Orc:2: 318 daAuts
  Lair:1: 189 daAuts
    D:11: 1 daAuts
